 Dungeon Crawl Stone Soup version 0.30-a0-722-g3e6e8c874d (webtiles) character file.

Game seed: 11047379250914797391

318 bmack86 the Chopper (level 6, -3/55 HPs)
             Began as a Minotaur Fighter on Jan 28, 2023.
             Slain by an ogre
             ... wielding a +0 giant club
              (11 damage)
             ... on level 5 of the Dungeon.
             The game lasted 00:08:21 (2564 turns).

bmack86 the Chopper (Minotaur Fighter)              Turns: 2564, Time: 00:08:22

Health: -3/55      AC: 12    Str: 28    XL:     6   Next: 21%
Magic:  5/5        EV:  8    Int:  5    God:
Gold:   109        SH:  4    Dex: 10    Spells: 5/5 levels left

rFire   . . .      SeeInvis .    g - +2 broad axe (distort)
rCold   . . .      Faith    .    c - +0 buckler
rNeg    . . .      Spirit   .    r - +0 chain mail
rPois   .          Reflect  .    (helmet restricted)
rElec   .          Harm     .    q - +0 cloak
rCorr   .          Rampage  .    (no gloves)
Will    .....                    t - +0 pair of boots Stlth
                                 (no amulet)
HPRegen 0.29/turn                x - +6 ring of strength
MPRegen 0.09/turn                (no ring)

@: no status effects
A: horns 2, retaliatory headbutt
a: no special abilities


You were on level 5 of the Dungeon.
You visited 1 branch of the dungeon, and saw 5 of its levels.

You collected 154 gold pieces.
You spent 45 gold pieces at shops.

Inventory:

Hand Weapons
 a - a +0 war axe
 g - a +2 broad axe of distortion (weapon)
Missiles
 h - 10 poisoned darts (quivered)
Armour
 c - a +0 buckler (worn)
 q - a +0 cloak (worn)
 r - a +0 chain mail (worn)
 t - a +0 pair of boots (worn)
Jewellery
 x - a +6 ring of strength (left hand)
Scrolls
 i - a scroll of magic mapping {unknown}
Potions
 b - a potion of curing {unknown}
 d - 2 potions of might
 e - a potion of haste
 f - 2 potions of lignification
 l - 3 potions of flight
 n - a potion of cancellation
 o - a potion of magic {unknown}
 w - 2 potions of invisibility {unknown}
 z - a potion of brilliance {unknown}


   Skills:
 + Level 4.9 Fighting
 * Level 5.1 Axes
 + Level 1.7 Throwing
 + Level 4.8 Armour
 + Level 4.7 Shields


You had 5 spell levels left.
You didn't know any spells.
Your spell library was empty.

Dungeon Overview and Level Annotations

Branches:
Dungeon (5/15)
 Temple: D:4-7

Altars:
Cheibriados
Elyvilon
Sif Muna
Uskayaw

Shops:
D:1 ![?   D:2 =   D:3 :   D:4 (


Innate Abilities, Weirdness & Mutations

You have a pair of horns on your head.
You reflexively headbutt those who attack you in melee.


Message History

You feel very mighty all of a sudden.
The ogre hits you with a +0 giant club!!
Ouch! That really hurt!
You slice the ogre!!
Space warps horribly around the ogre!
The ogre is almost dead.
The ogre barely misses you.
You hit the ogre.
You kill the ogre!
You slash the necrophage!
The necrophage is devoured by a tear in reality.
Your Throwing skill increases to level 1!
You have reached level 5!
Things that are here:
a +0 giant club; an ogre corpse You now have 109 gold pieces (gained 12).
Found 9 gold pieces.
Found a lumpy ruby potion.
You hear the slow hiss of an avalanche of sand.
Found a stone staircase leading down.
Found a scroll labelled NUVICU PESSEYF, a falchion and 2 stones.
The ogre hits you with a +0 giant club! The ogre barely misses you.
You furiously retaliate!
You headbutt the ogre! You hit the ogre. You headbutt the ogre!
You kill the ogre!
Your Axes skill increases to level 5!
You have reached level 6!
i - a scroll labelled NUVICU PESSEYF You feel a little less mighty now.
Found a scroll of fear.
An ogre comes into view. It is wielding a +0 giant club.
The ogre shouts!
A jelly comes into view.
The ogre hits you with a +0 giant club!!
* * * LOW HITPOINT WARNING * * *
You slash the ogre!
Space warps horribly around the ogre!
The ogre is almost dead.
You barely miss the ogre.
The ogre is almost dead.
The ogre hits you with a +0 giant club!
You die...

##........... ............#
.#..?.......#
............###
...............
..#.........#
..##.....J..###
......O@......#######.##
###.###+###..#..........
###...## ##...#
##...........# ...
...###.....###.......######
.# #..#.......#....#.### .#
#...## ##.)#..#... #
##....## ##..##..#.### #
##...#..###..###..#.#
####..#..#..#..##....>.#


You could see an ogre and a jelly.

Vanquished Creatures
  2 ogres (D:5)
  3 adders
  2 worms (D:2)
  A dart slug (D:1)
  6 ball pythons
  3 bats
  3 endoplasms
  5 giant cockroaches
  8 hobgoblins
  3 quokkas
  A frilled lizard (D:1)
  3 goblins
  10 kobolds
  4 rats
54 creatures vanquished.

Vanquished Creatures (collateral kills)
  A kobold (D:4)
1 creature vanquished.

Grand Total: 55 creatures vanquished

Notes
Turn   | Place    | Note
-------+----------+-------------------------------------------
     0 | D:1      | bmack86 the Minotaur Fighter began the quest for the Orb.
     0 | D:1      | Reached XP level 1. HP: 19/19 MP: 0/0
    71 | D:1      | Found Ygaegipp's Magic Scroll Emporium.
   155 | D:1      | Found Tojusm's Distillery.
   287 | D:1      | Found Latut's Armour Boutique.
   358 | D:1      | Reached XP level 2. HP: 25/27 MP: 1/1
   473 | D:1      | Reached skill level 3 in Axes
   826 | D:2      | Reached XP level 3. HP: 16/33 MP: 2/2
   857 | D:2      | Found Bonomu's Jewellery Emporium.
   951 | D:2      | Found a faded altar of an unknown god.
  1353 | D:1      | Bought a +0 pair of boots for 45 gold pieces
  1783 | D:3      | Found Namumeuc's Vocational Training.
  1823 | D:3      | Found a snail-covered altar of Cheibriados.
  1823 | D:3      | Found a hide-covered altar of Uskayaw.
  1823 | D:3      | Found a white marble altar of Elyvilon.
  1991 | D:4      | Identified a scroll of acquirement
  1991 | D:4      | Acquired a +1 broad axe of distortion
  2030 | D:4      | Found Mawizyez's Antique Weapon Emporium.
  2120 | D:4      | Found a shimmering blue altar of Sif Muna.
  2127 | D:4      | Reached XP level 4. HP: 40/40 MP: 3/3
  2197 | D:4      | Reached skill level 4 in Axes
  2477 | D:5      | Entered Level 5 of the Dungeon
  2477 | D:5      | Noticed an ogre
  2494 | D:5      | Noticed a necrophage
  2494 | D:5      | Noticed an ogre
  2498 | D:5      | Killed an ogre
  2498 | D:5      | Banished a necrophage
  2499 | D:5      | Reached skill level 1 in Throwing
  2499 | D:5      | Reached XP level 5. HP: 24/47 MP: 4/4
  2540 | D:5      | Killed an ogre
  2541 | D:5      | Reached skill level 5 in Axes
  2541 | D:5      | Reached XP level 6. HP: 28/55 MP: 5/5
  2564 | D:5      | Slain by an ogre

Illustrated notes

Levels and vault maps discovered:
D:1:      minmay_arrival_four_houses, layout_basic, serial_shops, shop,
          nicolae_shop_hallway_plus, shop_fountains,
          wad_floor_pattern_untrapped, minivault_23,
          corexii_item_surrounded_by_moat
D:2:      layout_rooms, shapermc_ecumenical_altar_notcrosses, serial_shops,
          shop, grunt_ministairs_3, reono_crystal_passage
D:3:      layout_rooms, gammafunk_temple_overflow_claw,
          chequers_serial_rivers_marsh, minmay_hedge_maze,
          nicolae_shop_vocational
D:4:      layout_gridville, mainiacjoe_overflow_concentric_impassable,
          serial_shops, shop
D:5:      layout_rooms, nicolae_ossuary_entry_giza, st_stairs_11

Skill      XL: |  1  2  3  4  5 |
---------------+----------------+-----
Axes           | 3 4 5 |  5.1
Fighting       | 4 |  4.9
Armour         | 4 |  4.8
Shields        | 4 |  4.7
Throwing       | 1 |  1.7

Action                     |  1- 3 |  4- 6 || total
---------------------------+-------+-------++-------
  Melee: War axe           |    77 |       ||    77
         Headbutt          |     6 |     2 ||     8
         Broad axe         |     8 |    18 ||    26
    Use: Scroll            |    13 |       ||    13
         Potion            |       |     1 ||     1
 Armour: Scale mail        |    34 |       ||    34
         Chain mail        |    10 |     5 ||    15
  Dodge: Dodged            |    44 |     4 ||    48
  Block: Buckler           |    22 |     2 ||    24

Table legend: (Time is in decaauts)
 A = Elapsed time spent in this place.
 B = Non-inter-level travel time spent in this place.
 C = Inter-level travel time spent in this place.
 D = Time resting spent in this place.
 E = Time spent auto-exploring this place.
 F = Levels seen in this place.
 G = Mean time per level.
                   A        B        C        D        E       F      G
               +--------+--------+--------+--------+--------+-----+--------+
         Total |   2609 |   2320 |    289 |      0 |   1510 |   5 |  521.8 |
       Dungeon |   2609 |   2320 |    289 |      0 |   1510 |   5 |  521.8 |
               +--------+--------+--------+--------+--------+-----+--------+

Top non-repeatable levels by time:
     D:1: 903 daAuts
     D:3: 558 daAuts
     D:2: 556 daAuts
     D:4: 516 daAuts
     D:5: 73 daAuts
